 Seeded DCSS version 0.31-a0-66-ge618eeaa78 (webtiles) character file.

Game seed: 6351066067085065685 (custom seed)

148 Esekla the Covert (level 5, -1/36 HPs)
             Began as an Octopode Delver on May 22, 2023.
             Was an Initiate of Gozag.
             Slain by a hobgoblin zombie (3 damage)
             ... in an ossuary.
             The game lasted 00:11:48 (1685 turns).

Esekla the Covert (Octopode Delver)                 Turns: 1685, Time: 00:11:49

Health: -1/36      AC:  1    Str: 12    XL:     5   Next: 30%
Magic:  5/5        EV: 13    Int: 14    God:    Gozag
Gold:   238        SH:  0    Dex: 13    Spells: 4/4 levels left

rFire   . . .        a - +0 falchion
rCold   . . .        (no shield)
rNeg    . . .        (helmet restricted)
rPois   .            (no amulet)
rElec   .            (no ring)
rCorr   .            (no ring)
SInv    .            (no ring)
Will    .....        (no ring)
Stlth   +++++        (no ring)
HPRegen 0.26/turn    (no ring)
MPRegen 0.09/turn    (no ring)
                     (no ring)

%: no passive effects
@: marked, hasted (expiring), very quick
A: almost no armour, amphibious, 8 rings, camouflage 1, gelatinous body 1,
(nimble swimmer 1), tentacles
a: Renounce Religion, Potion Petition, Call Merchant, Bribe Branch


You were in an ossuary.
You worshipped Gozag.
Gozag was aware of your devotion.
You visited 2 branches of the dungeon, and saw 4 of its levels.
You also visited: Ossuary.

You collected 253 gold pieces.
You paid 15 gold pieces to Gozag.

Inventory:

Hand Weapons
 a - a +0 falchion (weapon)
 s - a +0 dagger
Missiles
 h - 5 boomerangs (quivered)
Wands
 f - a wand of digging (3)
 j - a wand of roots (9)
Scrolls
 b - a scroll of fog
 c - a scroll of magic mapping
 d - a scroll of fear
 i - 3 scrolls of identify {unknown}
 l - a scroll of poison {unknown}
Potions
 g - a potion of attraction {unknown}
 k - a potion of curing {unknown}


   Skills:
 + Level 3.5 Fighting
 + Level 2.7 Long Blades
 + Level 2.7 Dodging
 + Level 8.5 Stealth


You had 4 spell levels left.
You didn't know any spells.
Your spell library was empty.

Dungeon Overview and Level Annotations

Branches:
Dungeon (6/15)             Temple (1/1) D:6         Ossuary (1/1)

Altars:
Cheibriados
Dithmenos
Elyvilon
Fedhas
Gozag
Makhleb
Sif Muna
Wu Jian
Xom

Annotations:
D:6 Menkaure


Innate Abilities, Weirdness & Mutations

You cannot wear most types of armour.
You are amphibious.
You can wear up to eight rings at the same time.
Your skin changes colour to match your surroundings (Stealth+).
Your rubbery body absorbs attacks. (AC +1, EV +1)
((You are camouflaged when in or above water. (Stealth+)))
You have tentacles for arms and can constrict up to eight enemies at once.


Message History

The centaur zombie is moderately damaged.
Throw: 5 boomerangs
Press: ? - help, Q - select action, (/) - cycle Shift-Dir - straight line, f/p - centaur zombie
Aim: a centaur zombie (moderately damaged, 89% to hit)
You throw a boomerang. The boomerang hits the centaur zombie.
The centaur zombie is moderately damaged.
Throw: 5 boomerangs
Press: ? - help, Q - select action, (/) - cycle Shift-Dir - straight line, f/p - centaur zombie
Aim: a centaur zombie (moderately damaged, 89% to hit)
You throw a boomerang.
The boomerang hits the centaur zombie but does no damage.
The centaur zombie is moderately damaged.
A rat zombie comes into view.
You hit the centaur zombie.
The centaur zombie is heavily damaged.
The centaur zombie hits you.
* * * LOW HITPOINT WARNING * * *
The centaur zombie kicks you but does no damage.
A rat zombie comes into view.
The rat zombie bites you.
* * * LOW HITPOINT WARNING * * *
You hit the rat zombie. Your grab misses the rat zombie.
The rat zombie is lightly damaged.
The rat zombie misses you.
A hobgoblin zombie comes into view.
The rat zombie bites you but does no damage.
An elf zombie comes into view.
An orc zombie comes into view.
A hobgoblin zombie comes into view.
You hit the centaur zombie.
The centaur zombie is heavily damaged.
The centaur zombie closely misses you. The centaur zombie misses you.
The hobgoblin zombie hits you.
* * * LOW HITPOINT WARNING * * *
A rat zombie comes into view.
Your extra speed is starting to run out.
The hobgoblin zombie closely misses you.
The orc zombie misses you. The hobgoblin zombie hits you.
You die...
Your body crumbles into a pile of gold.

######################
#...........@.ZZ.....#
#............ZZ.Z....#
#........8Z.8Z.ZZ....#
#....................#
#..Z######..######...#
#...# #..# #...# #...#
#..# #...# #..Z# #..#
#...# #...# .....
#...#


You could see 3 rat zombies, 2 hobgoblin zombies, an orc zombie, an elf zombie
and 2 centaur zombies.

Vanquished Creatures
  A howler monkey (D:4)
  A hound (D:6)
  An orc wizard (D:4)
  2 adders
  A white imp (D:6)
  6 orcs
  2 ball pythons (D:4)
  8 hobgoblin zombies (Ossuary)
  4 kobold zombies (Ossuary)
  8 orc zombies (Ossuary)
34 creatures vanquished.

Notes
Turn   | Place    | Note
-------+----------+-------------------------------------------
     0 | D:5      | Esekla the Octopode Delver began the quest for the Orb.
     0 | D:5      | Reached XP level 1. HP: 16/16 MP: 1/1
   112 | D:5      | Noticed an ogre
   213 | D:5      | Noticed an iguana
   224 | D:5      | Found a shadowy altar of Dithmenos.
   288 | D:5      | Noticed a jelly
   400 | D:5      | Noticed an orc wizard
   453 | D:6      | Reached skill level 7 in Stealth
   453 | D:6      | Reached XP level 2. HP: 15/21 MP: 2/2
   482 | D:6      | Found a blossoming altar of Fedhas.
   576 | D:6      | Noticed Menkaure
   631 | D:6      | Found a staircase to the Ecumenical Temple.
   676 | Temple   | Entered the Ecumenical Temple
   693 | Temple   | Became a worshipper of Gozag Ym Sagoz the Greedy
   747 | D:6      | Reached XP level 3. HP: 26/26 MP: 3/3
   993 | D:4      | Reached skill level 8 in Stealth
   993 | D:4      | Reached XP level 4. HP: 17/31 MP: 4/4
  1011 | D:4      | Found a sand-covered staircase.
  1182 | D:4      | Reached XP level 5. HP: 21/36 MP: 5/5
  1249 | Ossuary  | Entered an ossuary
  1634 | Ossuary  | HP: 1/36 [centaur zombie (1)]
  1685 | Ossuary  | Slain by a hobgoblin zombie

Illustrated notes

Levels and vault maps discovered:
D:4:      layout_basic, nicolae_overflow_quartered_altars,
          nicolae_ossuary_entry_monument, minmay_snake_closets
D:5:      layout_gridville, lemuel_doored_altar
D:6:      layout_loops_ring, mainiacjoe_overflow_tiny_flanked,
          minmay_temple_entry_junction_2, minmay_fractal_squares_gapless_5,
          uniq_duvessa, uniq_menkaure
Temple:   compressed_dpeg_circular_temple
Ossuary:  ossuary_tomb_1

Skill      XL: |  1  2  3 |
---------------+----------+-----
Stealth        | 7 8 |  8.5
Fighting       | |  3.5
Long Blades    | |  2.7
Dodging        | |  2.7

Action                     |  1- 3 |  4- 6 || total
---------------------------+-------+-------++-------
  Melee: Falchion          |    16 |    64 ||    80
         Constrict         |     5 |    22 ||    27
         Tentacles         |     4 |    15 ||    19
         Punch             |     1 |       ||     1
         Dagger            |       |     2 ||     2
  Throw: Boomerang         |       |     5 ||     5
    Use: Potion            |       |     1 ||     1
   Stab: Sleeping          |     3 |     4 ||     7
 Armour: Skin              |       |     4 ||     4
  Dodge: Dodged            |    12 |    45 ||    57

Table legend: (Time is in decaauts)
 A = Elapsed time spent in this place.
 B = Non-inter-level travel time spent in this place.
 C = Inter-level travel time spent in this place.
 D = Time resting spent in this place.
 E = Time spent auto-exploring this place.
 F = Levels seen in this place.
 G = Mean time per level.
                   A        B        C        D        E       F      G
               +--------+--------+--------+--------+--------+-----+--------+
         Total |   1680 |   1680 |      0 |    353 |      8 |   5 |  336.0 |
       Dungeon |   1217 |   1217 |      0 |    251 |      0 |   3 |  405.7 |
        Temple |     38 |     38 |      0 |      0 |      0 |   1 |   38.0 |
       Ossuary |    424 |    424 |      0 |    102 |      8 |   1 |  424.0 |
               +--------+--------+--------+--------+--------+-----+--------+

Top non-repeatable levels by time:
     D:5: 511 daAuts
     D:6: 438 daAuts
 Ossuary: 424 daAuts
     D:4: 267 daAuts
  Temple: 38 daAuts
